 Dungeon Crawl Stone Soup version 0.31-a0-234-gad7ace16ef (webtiles) character file.

Game seed: 13185338844402834407

109 qw the Shooter (level 4, -1/26 HPs)
             Began as a Gargoyle Hexslinger on July 9, 2023.
             Slain by an iguana (7 damage)
             ... on level 2 of the Dungeon.
             The game lasted 00:00:43 (1510 turns).

qw the Shooter (Gargoyle Hexslinger)                Turns: 1510, Time: 00:00:43

Health: -1/26      AC:  7    Str: 12    XL:     4   Next: 89%
Magic:  5/5        EV: 11    Int: 13    God:
Gold:   99         SH:  0    Dex: 14    Spells: 4/5 levels left

rFire   . . .        Y - +1 sling
rCold   . . .        (no shield)
rNeg    + . .        f - +0 leather armour
rPois   inf          d - +0 helmet
rElec   +            (no cloak)
rCorr   .            (no gloves)
SInv    .            (no boots)
Will    .....        i - amulet of faith
Stlth   +            (no ring)
HPRegen 0.24/turn    (no ring)
MPRegen 0.09/turn

%: faith
@: about to teleport, hasted (expiring), very quick
A: sickness immunity, AC +3, negative energy resistance 1, electricity
resistance, torment resistance 1, petrification resistance
a: no special abilities


You were on level 2 of the Dungeon.
You visited 1 branch of the dungeon, and saw 3 of its levels.

You collected 99 gold pieces.


Innate Abilities, Weirdness & Mutations

You are immune to sickness and miasma.
Your stone body is resilient. (AC +3)
You are immune to poison.
You resist negative energy. (rN+)
You are resistant to electric shocks. (rElec)
You are resistant to unholy torment.
You are immune to petrification.


   Skills:
 - Level 2.0 Fighting
 + Level 4.6 Ranged Weapons
 - Level 1.5 Dodging
 - Level 1.0 Spellcasting
 - Level 2.6 Hexes


You had 4 spell levels left.
You knew the following spells:

 Your Spells              Type           Power      Damage    Failure   Level
a - Slow                  Hex            28%        N/A       12%         1

Your spell library contained the following spells:

 Spells                   Type           Power      Damage    Failure   Level
 Inner Flame              Hex/Fire       4%         N/A       52%         3
 Portal Projectile        Hex/Tloc       8%         N/A       52%         3
 Cause Fear               Hex            3%         N/A       75%         4

Inventory:

Hand Weapons
 Y - a +1 sling (weapon)
Armour
 d - a +0 helmet (worn)
 f - a +0 leather armour (worn)
Jewellery
 i - an amulet of faith (around neck)
 k - an amulet of regeneration
Scrolls
 e - a scroll of identify
Potions
 b - a potion of lignification {unknown}
 c - a potion of heal wounds {unknown}
 j - a potion of haste

Dungeon Overview and Level Annotations

Branches:
Dungeon (3/15)

Altars:


Message History

You shoot a sling bullet. The sling bullet hits the iguana.
The iguana is lightly wounded.
The iguana barely misses you. The frilled lizard barely misses you.
You shoot a sling bullet.
The sling bullet hits the iguana but does no damage.
The iguana is lightly wounded.
The iguana misses you. The frilled lizard barely misses you.
You shoot a sling bullet. The sling bullet hits the iguana.
The iguana is moderately wounded.
The iguana bites you.
The frilled lizard bites you but does no damage.
You shoot a sling bullet.
The sling bullet closely misses the iguana.
Your extra speed is starting to run out.
You shoot a sling bullet. The sling bullet hits the iguana.
The iguana is heavily wounded.
The iguana completely misses you.
The frilled lizard bites you but does no damage.
You shoot a sling bullet.
The sling bullet barely misses the iguana.
The iguana completely misses you. The frilled lizard closely misses you.
You shoot a sling bullet.
The sling bullet barely misses the iguana.
The iguana closely misses you.
The frilled lizard completely misses you.
You shoot a sling bullet. The sling bullet hits the iguana.
The iguana is almost dead.
The iguana barely misses you. The frilled lizard closely misses you.
You shoot a sling bullet. The sling bullet hits the iguana.
The iguana is almost dead.
The iguana bites you!
The frilled lizard bites you but does no damage.
1509 ||| READING scroll of teleportation.
As you read the scroll of teleportation, it crumbles to dust.
You feel strangely unstable.
You shoot a sling bullet.
The sling bullet hits the iguana but does no damage.
The iguana is almost dead.
The iguana bites you!
You die...

#.....#...###................
###.####### ##...##########..
#.# ##.## ####. #.# #.# #....
#.# #.# #.##. #.# ##'## #>...
#.##########<..## #####
#........##.....## ### #
#....###.#@......## ##.###
#....###.ll.......####..[##
#.................+........
##....###..........####...##
#.........#.......## ##.###
#.###.###.##.....## #....
#.###.# #.###...## #..##
#.#...###.# ##'## #..#
#.........# #.# #.%##


You could see an iguana and a frilled lizard.

Vanquished Creatures
  Jessica (D:2)
  3 adders
  A dart slug (D:2)
  6 ball pythons
  8 endoplasms
  2 giant cockroaches (D:1)
  5 goblins (D:1)
  A hobgoblin (D:1)
  2 jackals (D:2)
  3 quokkas
  5 bats
  5 frilled lizards
  4 kobolds
  4 rats
50 creatures vanquished.

Notes
Turn   | Place    | Note
-------+----------+-------------------------------------------
     0 | D:1      | qw the Gargoyle Hexslinger began the quest for the Orb.
     0 | D:1      | Reached XP level 1. HP: 12/12 MP: 2/2
     0 | D:1      | 0 ||| qw: Version: 0.3-a-51-g015441d
     0 | D:1      | 0 ||| qw: Game counter: 4352
     0 | D:1      | 0 ||| qw: Melee chars always use a shield: true
     0 | D:1      | 0 ||| qw: God list: Okawaru
     0 | D:1      | 0 ||| qw: Allow faded altars: false
     0 | D:1      | 0 ||| qw: Do Orc after clearing Dungeon:15 true
     0 | D:1      | 0 ||| qw: Do second Lair branch before Depths: true
     0 | D:1      | 0 ||| qw: Lair rune preference: random
     0 | D:1      | 0 ||| qw: Goals: Normal
     0 | D:1      | 0 ||| PLANNING D:1-11
    61 | D:1      | Reached XP level 2. HP: 14/16 MP: 3/3
   123 | D:1      | Reached skill level 3 in Ranged Weapons
   294 | D:1      | Reached XP level 3. HP: 21/21 MP: 4/4
   538 | D:1      | 538 ||| UPGRADING to +0 leather armour.
   548 | D:1      | 548 ||| DROPPING +0 robe.
   549 | D:1      | 549 ||| UPGRADING to amulet of faith.
   554 | D:1      | 554 ||| READING scroll labelled BIECIXKUHE.
   555 | D:1      | 555 ||| READING 2 scrolls labelled CYRRUGH MITE.
   556 | D:1      | 556 ||| READING 2 scrolls labelled LOTHRI ANENAAZ.
   560 | D:1      | 560 ||| READING scroll labelled ZILIOBIEHIDD.
   561 | D:1      | 561 ||| DROPPING scroll of poison.
   935 | D:2      | Noticed Jessica
   939 | D:2      | Killed Jessica
   940 | D:2      | Reached skill level 4 in Ranged Weapons
   940 | D:2      | Reached XP level 4. HP: 26/26 MP: 5/5
  1458 | D:2      | 1458 ||| UPGRADING to +0 helmet.
  1463 | D:2      | 1463 ||| DRINKING 2 white potions.
  1464 | D:2      | 1464 ||| READING 2 scrolls of identify.
  1464 | D:2      | 1464 ||| IDENTIFYING bubbling sapphire potion
  1465 | D:2      | 1465 ||| DROPPING potion of degeneration.
  1494 | D:3      | 1494 ||| STAIRDANCE
  1508 | D:2      | HP: 5/26 [iguana (10)]
  1509 | D:2      | 1509 ||| READING scroll of teleportation.
  1510 | D:2      | Slain by an iguana

Levels and vault maps discovered:
D:1:      zaba_arrival_water, layout_basic
D:2:      layout_loops_corners, st_stairs_4, uniq_jessica
D:3:      layout_basic, led_sif_pool, st_stairs_7, kennysheep_small_spiral,
          dk_vineyard_2

Skill      XL: |  1  2  3 |
---------------+----------+-----
Ranged Weapons | 3 4 |  4.6
Fighting       | 2 |  2.0
Dodging        | |  1.5
Spellcasting   | |  1.0
Hexes          | |  2.6

Action                     |  1- 3 |  4- 6 || total
---------------------------+-------+-------++-------
   Fire: Sling             |   126 |    42 ||   168
    Use: Scroll            |     4 |     2 ||     6
         Potion            |       |     1 ||     1
 Armour: Robe              |     4 |       ||     4
         Leather armour    |    13 |    15 ||    28
  Dodge: Dodged            |    32 |    23 ||    55

Table legend:
 A = Non-vault XP
 B = Vault XP
 C = Vault XP percentage of total XP
 D = Non-vault monster count
 E = Vault monster count
 F = Vault count percentage of total count
                 A         B        C        D         E       F
            +---------+---------+-------+---------+---------+-------
      Total |     103 |      53 |  34.0 |      47 |       3 |   6.0
            +---------+---------+-------+---------+---------+-------
        D:1 |      45 |       0 |   0.0 |      28 |       0 |   0.0
        D:2 |      45 |      53 |  54.1 |      18 |       3 |  14.3
        D:3 |      13 |       0 |   0.0 |       1 |       0 |   0.0
            +---------+---------+-------+---------+---------+-------
